 Dungeon Crawl Stone Soup version 0.31-a0-672-g7da72447bb (webtiles) character file.

Game seed: 9658093890479435046

6820 jlumianski the Cleaver (level 10, -4/118 HPs)
             Began as a Demonspawn Fighter on Sept 5, 2023.
             Was an Initiate of Qazlal.
             Slain by Snorg (12 damage)
             ... on level 10 of the Dungeon.
             The game lasted 00:33:34 (8627 turns).

jlumianski the Cleaver (Demonspawn Fighter)         Turns: 8627, Time: 00:33:35

Health: -4/118     AC: 19    Str: 20    XL:     10   Next: 77%
Magic:  15/15      EV:  6    Int:  9    God:    Qazlal [......]
Gold:   234        SH: 19    Dex: 14    Spells: 9/9 levels left

rFire   . . .        a - +0 war axe
rCold   . . .        c - +0 buckler
rNeg    . . .        A - +0 plate armour
rPois   +            R - +2 helmet
rElec   .            (no cloak)
rCorr   .            p - +2 pair of gloves
SInv    +            (no boots)
Will    .....        y - amulet of reflection Stlth
                     g - ring of see invisible
HPRegen 0.39/turn    n - ring of poison resistance
MPRegen 0.14/turn

%: reflection
@: mighty, berserking, very quick
A: hooves 2, large bone plates 1, powered by death 1, condensation shield
a: Renounce Religion


You were on level 10 of the Dungeon.
You worshipped Qazlal.
Qazlal was noncommittal.
You visited 2 branches of the dungeon, and saw 12 of its levels.

You collected 518 gold pieces.
You spent 284 gold pieces at shops.

Inventory:

Hand Weapons
 a - a +0 war axe (weapon)
 f - a +1 dagger of venom
 j - a +1 dagger of flaming
 D - a +2 whip of freezing
 O - a +1 heavy hand axe
Missiles
 h - 131 stones
 u - 37 poisoned darts
 x - 7 boomerangs
 F - an atropa-tipped dart (quivered)
 M - a curare-tipped dart
Armour
 b - a +0 scale mail
 c - a +0 buckler (worn)
 i - a +0 chain mail
 p - a +2 pair of gloves (worn)
 A - a +0 plate armour (worn)
 B - a +0 helmet
 R - a +2 helmet (worn)
 S - a +0 pair of boots
Jewellery
 g - a ring of see invisible (left hand)
 n - a ring of poison resistance (right hand)
 y - an amulet of reflection (around neck)
 X - a ring of protection from cold
Wands
 q - a wand of roots (22)
 w - a wand of charming (5)
 N - a wand of digging (3)
 U - a wand of polymorph (25)
 Y - a wand of flame (16)
Scrolls
 e - 2 scrolls of revelation
 k - 3 scrolls of blinking
 m - 3 scrolls of teleportation
 o - a scroll of amnesia
 r - 2 scrolls of immolation
 s - a scroll of fog
 t - 2 scrolls of vulnerability {unknown}
 z - a scroll of fear {unknown}
 C - 3 scrolls of poison
 G - 2 scrolls of enchant armour
 I - a scroll of torment {unknown}
 J - 3 scrolls of enchant weapon {unknown}
 T - a scroll of noise {unknown}
Potions
 d - a potion of might
 l - a potion of haste
 v - 2 potions of enlightenment
 E - 4 potions of curing
 H - a potion of lignification
 K - a potion of degeneration
 L - 2 potions of brilliance
 Q - a potion of cancellation
 V - a potion of magic
 W - a potion of invisibility


   Skills:
 * Level 7.1 Fighting
 + Level 9.1 Axes
 + Level 1.2 Throwing
 + Level 5.8 Armour
 + Level 0.4 Stealth
 + Level 8.2 Shields
 * Level 7.4 Invocations


You had 9 spell levels left.
You didn't know any spells.
Your spell library contained the following spells:

 Spells                   Type           Power      Damage    Failure   Level
 Kiss of Death            Conj/Necr      0%         2d5       100%        1
 Cigotuvi's Dreadful Rot  Necr/Pois/Air  0%         N/A       100%        2
 Sublimation of Blood     Necr           0%         N/A       100%        2
 Wereblood                Tmut           0%         N/A       100%        2
 Confusing Touch          Hex            0%         N/A       100%        3
 Dazzling Flash           Conj/Hex       0%         N/A       100%        3
 Dispel Undead            Necr           0%         3d6       100%        4
 Leda's Liquefaction      Hex/Erth       0%         N/A       100%        4
 Silence                  Hex/Air        0%         N/A       100%        5
 Death Channel            Necr           0%         N/A       100%        6
 Summon Hydra             Summ           0%         N/A       100%        7


Dungeon Overview and Level Annotations

Branches:
Dungeon (11/15)            Temple (1/1) D:6
   Lair: D:8-11         Orc: D:9-12

Altars:
Ashenzari
Cheibriados
Dithmenos
Fedhas
Gozag
Kikubaaqudgha
Makhleb
Nemelex Xobeh
Okawaru
Qazlal
Ru
Sif Muna
Trog
Uskayaw
Vehumet
Wu Jian
Xom
Yredelemnul
Lugonu

Shops:
D:9 =?(*

Annotations:
D:7 1 runed translucent door, garrulousMonolith's ghost, novice DrEE
D:10 Snorg


Innate Abilities, Weirdness & Mutations

You have hoof-like feet.
You are partially covered in large bone plates. (SH +4)
You regenerate a little health from kills.
A meltable shield of frost defends you. (SH +4)


Message History

Snorg barely misses you. Snorg claws you but does no damage. Snorg claws you!
Snorg completely misses you. Snorg claws you!
* * * LOW HITPOINT WARNING * * *
Snorg claws you but does no damage.
You closely miss Snorg. You kick Snorg!
Snorg is moderately wounded.
You block Snorg's attack. x2; Snorg claws you!
* * * LOW HITPOINT WARNING * * *
You barely miss Snorg.
Snorg is moderately wounded.
You block Snorg's attack. x2; Snorg barely misses you.
You block Snorg's attack. Snorg barely misses you.
Snorg claws you but does no damage.
A red film seems to cover your vision as you go berserk!
You feel yourself moving faster!
You feel mighty! You block Snorg's attack. x2
Snorg closely misses you.
You slash Snorg! Your kick misses Snorg.
Snorg is moderately wounded.
Snorg bites you.
* * * LOW HITPOINT WARNING * * *
Snorg claws you.
* * * LOW HITPOINT WARNING * * *
Snorg claws you.
* * * LOW HITPOINT WARNING * * *
You closely miss Snorg.
Snorg is moderately wounded.
You block Snorg's attack. x2; Snorg barely misses you.
You hit Snorg. You kick Snorg.
Snorg is moderately wounded.
You block Snorg's attack. Snorg claws you.
* * * LOW HITPOINT WARNING * * *
Snorg claws you.
* * * LOW HITPOINT WARNING * * *
You closely miss Snorg. You kick Snorg.
Snorg is moderately wounded.
You block Snorg's attack. x3; Snorg bites you but does no damage.
You block Snorg's attack. Snorg closely misses you.
You slash Snorg! You kick Snorg.
Snorg is heavily wounded.
Snorg bites you!
You die...

#........# ###+####
#........# #.##
###..##### #..# ..
##.### >.. #...# ## ....
######.####. .....
#.......#... ......####
#.......#.#. .....(T@.##
#.......#.#.
....(.##..###.......#.#.
..... ##..##.......#.#.
.... ##............#.
##+ ####.......###.
#.......# #. #.......#
#. #####.### ## ####..#


You could see Snorg (berserk).

Vanquished Creatures
  Joseph (D:7)
  A troll (D:9)
  A hornet (D:9)
  Sigmund (D:5)
  A wraith (D:10)
  A wyvern (D:8)
  2 humans (D:9)
  4 yaks (D:10)
  A steam dragon (D:8)
  3 vampire mosquitoes (D:10)
  Menkaure (D:7)
  An acid dragon (D:10)
  Duvessa (D:4)
  2 orc warriors
  2 black bears (D:7)
  2 sky beasts
  An ogre (D:6)
  5 centaurs
  2 phantoms
  4 kobold brigands
  3 bullfrogs
  3 scorpions
  A gnoll sergeant (D:6)
  14 wights
  Dowan (D:4)
  11 killer bees (D:9)
  2 jellies
  A hound (D:4)
  An orc priest (D:8)
  Jessica (D:3)
  3 iguanas
  6 orc wizards
  A sleepcap (D:5)
  Natasha (thrice) (D:3)
  7 adders
  11 gnolls
  2 shadow imps (D:6)
  2 white imps
  2 dart slugs
  30 orcs
  6 ball pythons
  3 endoplasms
  3 giant cockroaches
  9 goblins
  2 hobgoblins
  2 jackals (D:2)
  5 quokkas
  10 bats
  5 frilled lizards
  25 kobolds
  5 rats
217 creatures vanquished.

Vanquished Creatures (others)
  A kobold brigand (D:8)
  A kobold (D:6)
2 creatures vanquished.

Grand Total: 219 creatures vanquished

Notes
Turn   | Place    | Note
-------+----------+-------------------------------------------
     0 | D:1      | jlumianski the Demonspawn Fighter began the quest for the
                  | Orb.
     0 | D:1      | Reached XP level 1. HP: 18/18 MP: 1/1
   104 | D:1      | Reached skill level 2 in Axes
   104 | D:1      | Gained mutation: A meltable shield of frost defends you.
                  | (SH +4) [demonic ancestry]
   104 | D:1      | Reached XP level 2. HP: 16/24 MP: 2/2
   875 | D:2      | Gained mutation: You are partially covered in large bone
                  | plates. (SH +4) [demonic ancestry]
   875 | D:2      | Reached XP level 3. HP: 28/29 MP: 3/3
   906 | D:3      | Noticed Natasha
  1043 | D:3      | Gained mutation: You regenerate a little health from kills.
                  | [demonic ancestry]
  1043 | D:3      | Reached XP level 4. HP: 32/35 MP: 4/4
  1121 | D:2      | Reached skill level 3 in Axes
  1479 | D:3      | Killed Natasha
  1480 | D:3      | Reached XP level 5. HP: 35/42 MP: 5/5
  1498 | D:3      | Noticed Natasha
  1509 | D:3      | Killed Natasha
  1810 | D:3      | Noticed Natasha
  1815 | D:3      | Noticed Jessica
  1828 | D:3      | Killed Natasha
  1838 | D:3      | Killed Jessica
  1886 | D:3      | Found a faded altar of an unknown god.
  2457 | D:4      | Noticed Duvessa
  2457 | D:4      | Noticed Dowan
  2575 | D:5      | Entered Level 5 of the Dungeon
  2575 | D:5      | Found a basalt altar of Yredelemnul.
  2577 | D:5      | Found a sacrificial altar of Ru.
  2577 | D:5      | Found an ornate altar of the Wu Jian Council.
  2629 | D:4      | Reached XP level 6. HP: 48/48 MP: 6/6
  2734 | D:5      | Found a blossoming altar of Fedhas.
  2879 | D:4      | Killed Duvessa
  2880 | D:4      | Reached skill level 4 in Axes
  2930 | D:4      | Found a burning altar of Makhleb.
  2976 | D:4      | Killed Dowan
  3326 | D:5      | Reached XP level 7. HP: 47/54 MP: 7/7
  3564 | D:5      | Got the Papyrus of Curses
  3692 | D:5      | Noticed Sigmund
  3701 | D:5      | Killed Sigmund
  3702 | D:5      | Reached skill level 5 in Axes
  3749 | D:5      | Reached skill level 5 in Shields
  3835 | D:5      | Gained mutation: You have large cloven feet. [demonic
                  | ancestry]
  3835 | D:5      | Reached XP level 8. HP: 56/61 MP: 8/8
  4227 | D:5      | Reached skill level 1 in Throwing
  4284 | D:5      | Reached skill level 6 in Axes
  4318 | D:7      | Noticed garrulousMonolith's ghost (novice DrEE)
  4318 | D:7      | Found a runed translucent door.
  4340 | D:6      | Found a staircase to the Ecumenical Temple.
  4349 | Temple   | Entered the Ecumenical Temple
  4369 | Temple   | Became a worshipper of Qazlal Stormbringer
  4578 | D:6      | Found a radiant altar of Vehumet.
  4613 | D:6      | Reached skill level 1 in Invocations
  4888 | D:6      | Reached skill level 5 in Fighting
  5044 | D:6      | Found a shimmering blue altar of Sif Muna.
  5237 | D:6      | Reached XP level 9. HP: 65/68 MP: 10/10
  5251 | D:6      | Reached skill level 7 in Axes
  5868 | D:7      | Noticed Menkaure
  5879 | D:7      | Killed Menkaure
  5880 | D:7      | Reached skill level 5 in Armour
  6051 | D:7      | Reached * piety under Qazlal
  6419 | D:8      | Found a bloodstained altar of Trog.
  6490 | D:8      | Noticed a +0 short sword
  6491 | D:8      | Noticed a +0 spear
  6495 | D:8      | Noticed a +0 spear
  6496 | D:8      | Reached skill level 8 in Axes
  6501 | D:8      | Noticed a +0 dagger
  6502 | D:8      | Noticed a +0 falchion
  6502 | D:8      | Noticed a +0 short sword
  6517 | D:8      | Reached ** piety under Qazlal
  6522 | D:8      | Noticed a +0 dagger
  6525 | D:8      | Noticed a +0 falchion
  6533 | D:8      | Reached skill level 5 in Invocations
  6533 | D:8      | Found a hide-covered altar of Uskayaw.
  7060 | D:9      | Found Layri's General Store.
  7103 | D:9      | Gained mutation: You have hoof-like feet. [demonic
                  | ancestry]
  7103 | D:9      | Reached XP level 10. HP: 66/76 MP: 12/14
  7141 | D:10     | Entered Level 10 of the Dungeon
  7220 | D:9      | Found Veaku's Magic Scroll Shoppe.
  7225 | D:9      | Bought a scroll of identify for 30 gold pieces
  7225 | D:9      | Bought a scroll of identify for 30 gold pieces
  7230 | D:9      | Bought a scroll of enchant armour for 112 gold pieces
  7230 | D:9      | Bought a scroll of enchant armour for 112 gold pieces
  7249 | D:9      | Found Nuroan's Antique Weapon Shoppe.
  7425 | D:9      | Found Dustix's Jewellery Boutique.
  7651 | D:9      | Found an iron altar of Okawaru.
  7685 | D:9      | Fell from the grace of Qazlal
  7685 | D:9      | Became a worshipper of Warmaster Okawaru
  7769 | Temple   | Fell from the grace of Okawaru
  7769 | Temple   | Became a worshipper of Qazlal Stormbringer
  7831 | D:7      | Found an opulent altar of Gozag.
  7861 | D:7      | Noticed Joseph
  7888 | D:7      | Killed Joseph
  7961 | D:7      | Noticed a tengu warrior
  7961 | D:7      | Noticed a minotaur
  7961 | D:7      | Noticed an orc knight
  8386 | D:10     | Reached skill level 9 in Axes
  8611 | D:10     | Noticed Snorg
  8627 | D:10     | Slain by Snorg

Illustrated notes

Levels and vault maps discovered:
D:1:      erik_arrival_blinker_ship, layout_basic
D:2:      layout_basic, wander_ebering_terrifying_dragon_lair
D:3:      layout_rooms, mainiacjoe_overflow_paths,
          chequers_ecumenical_altar_island, uniq_jessica, uniq_natasha
D:4:      layout_basic, mainiacjoe_overflow_small_starburst,
          lemuel_crystal_altar, uniq_duvessa
D:5:      layout_basic, gammafunk_temple_overflow_forgotten,
          fedhas_bush_and_centaur_altar, uniq_sigmund
D:6:      layout_basic, led_sif_pool, nicolae_vehumet_altar_sigil,
          minmay_temple_entry_waves, minmay_stone_trees_large
D:7:      layout_loops_cross, mainiacjoe_overflow_catwalk,
          nzn_hepliaklqana_mist_gate, hellmonk_ghost_happy_afterlife,
          uniq_joseph, uniq_menkaure
D:8:      layout_loops_ring, mainiacjoe_overflow_cross_hatched,
          nicolae_uskayaw_en_pointe
D:9:      layout_basic, okawaru_humans, serial_shops,
          nicolae_shop_rolling_square, nicolae_shop_peninsula,
          nicolae_shop_behind_doors, nicolae_shop_rolling_square,
          columned_hall_lemuel, chequers_serial_rivers_small_a
D:10:     layout_roguey, uniq_snorg
D:11:     kennysheep_spiral_hall, layout_loops_ring, lair_entry_dummy,
          david_orc_3, minmay_misc_feat_rugged, nicolae_xom_altar_mimics,
          uniq_psyche
Temple:   corrupted_temple

Skill      XL: |  1  2  3  4  5  6  7  8  9 10 |
---------------+-------------------------------+-----
Axes           | 2 3 4 5 6 8 9 |  9.1
Shields        | 3 4 5 6 7 8 |  8.2
Armour         | 3 4 5 |  5.8
Fighting       | 4 5 6 7 |  7.1
Throwing       | 1 |  1.2
Invocations    | 2 5 7 |  7.4
Stealth        | |  0.4

Action                     |  1- 3 |  4- 6 |  7- 9 | 10-12 || total
---------------------------+-------+-------+-------+-------++-------
  Melee: War axe           |    71 |   211 |   346 |   181 ||   809
         Kick              |       |       |    91 |    44 ||   135
  Throw: Boomerang         |       |    11 |       |       ||    11
         Dart              |       |     2 |     9 |     2 ||    13
 Invoke: Upheaval          |       |       |       |     1 ||     1
  Evoke: Wand              |       |       |     1 |       ||     1
    Use: Potion            |     1 |       |       |     2 ||     3
         Scroll            |       |     4 |     9 |     6 ||    19
   Stab: Distracted        |       |       |     1 |       ||     1
 Armour: Scale mail        |    20 |       |       |       ||    20
         Chain mail        |    33 |    54 |       |       ||    87
         Skin              |    21 |     3 |       |       ||    24
         Plate armour      |       |    72 |   185 |   125 ||   382
  Dodge: Dodged            |    30 |    52 |    35 |    46 ||   163
  Block: Buckler           |    51 |   230 |   350 |   219 ||   850
         Reflection        |       |       |    31 |    12 ||    43

Table legend: (Time is in decaauts)
 A = Elapsed time spent in this place.
 B = Non-inter-level travel time spent in this place.
 C = Inter-level travel time spent in this place.
 D = Time resting spent in this place.
 E = Time spent auto-exploring this place.
 F = Levels seen in this place.
 G = Mean time per level.
                   A        B        C        D        E       F      G
               +--------+--------+--------+--------+--------+-----+--------+
         Total |   8868 |   8641 |    227 |    326 |   5063 |  12 |  739.0 |
       Dungeon |   8802 |   8602 |    200 |    326 |   5063 |  11 |  800.2 |
        Temple |     66 |     40 |     26 |      0 |      0 |   1 |   66.0 |
               +--------+--------+--------+--------+--------+-----+--------+

Top non-repeatable levels by time:
     D:6: 1262 daAuts
     D:4: 1109 daAuts
     D:5: 1043 daAuts
     D:8: 1001 daAuts
     D:9: 989 daAuts
     D:2: 825 daAuts
     D:1: 813 daAuts
     D:7: 701 daAuts
     D:3: 652 daAuts
    D:10: 401 daAuts
  Temple: 66 daAuts
    D:11: 1 daAuts
